 Dungeon Sprint DCSS version 0.25.1-2-g60ff931df9 (webtiles) character file.

Game seed: 2646974108530141422

972 raphialitos the Blocker (level 7, -7/74 HPs)
             Began as a Minotaur Fighter on Oct 29, 2020.
             Mangled by a tyrant leech (24 damage)
             ... in the Dungeon (Sprint II: "The Violet Keep of Menkaure").
             The game lasted 00:02:15 (1006 turns).

raphialitos the Blocker (Minotaur Fighter)          Turns: 1006, Time: 00:02:16

Health: -7/74      AC:  9    Str: 21    XL:     7   Next: 94%
Magic:  6/6        EV: 10    Int:  5    God:
Gold:   729        SH: 12    Dex: 11    Spells: 6/6 levels left

rFire    . . .     SeeInvis .   a - +0 long sword
rCold    . . .     Gourm    .   c - +0 kite shield
rNeg     . . .     Faith    .   b - +0 scale mail
rPois    .         Spirit   .   (helmet restricted)
rElec    .         Reflect  .   (no cloak)
rCorr    .         Harm     .   (no gloves)
MR       .....     NoTele   +   (no boots)
Stlth    ..........             (no amulet)
HPRegen  0.22/turn              (no ring)
MPRegen  0.10/turn              (no ring)

@: very slow
A: retaliatory headbutt, horns 2
a: no special abilities


You were in the Dungeon.
You were not hungry.

You visited 1 branch You collected 729 gold pieces.

Inventory:

Hand Weapons
 a - a +0 long sword (weapon)
Armour
 b - a +0 scale mail (worn)
 c - a +0 kite shield (worn)
Scrolls
 k - a scroll of blinking
Potions
 d - a potion of might
 h - a potion of haste
 i - 2 potions of magic
 j - a potion of berserk rage
Comestibles
 f - a ration


   Skills:
 + Level 11.0 Fighting
 + Level 9.4 Long Blades
 + Level 11.2 Armour
 + Level 2.2 Dodging
 + Level 11.3 Shields


You had 6 spell levels left.
You didn't know any spells.
Your spell library was empty.

Dungeon Overview and Level Annotations

Branches:
Dungeon (1/1)

Altars:

Shops:
D :!(!=*(=}:[%[?[?

Annotations:
D exclusions: oklob plant and orange crystal statue


Innate Abilities, Weirdness & Mutations

You reflexively headbutt those who attack you in melee.
You have a pair of horns on your head.


Message History

You miss the tyrant leech. Your headbutt misses the tyrant leech.
The tyrant leech bites you but does no damage.
You slash the tyrant leech!
You headbutt the tyrant leech, but do no damage.
The tyrant leech is lightly wounded.
You hit the tyrant leech but do no damage.
Your headbutt misses the tyrant leech.
The tyrant leech is lightly wounded.
The tyrant leech bites you!
* * * LOW HITPOINT WARNING * * *
The tyrant leech draws strength from your injuries!
There is an open door here.
You enter the shallow water.
Moving in this stuff is going to be slow.
Which direction?
There isn't anything that you can close there!
Unknown command.
You block the tyrant leech's attack. The tyrant leech bites you!!
You die...

## ≈##
############≈≈#+++#
###########≈≈≈.....
##.....∩.∩#≈≈≈≈.##+##
##....∩.∩.#≈≈≈≈##...##
##...∩.∩..#@≈≈≈#..#..#
##..∩.∩...#≈w####.#.####
##.⌠.∩....#w##.###'###.##
##..∩.∩...#≈#..###.##..$#
##...∩.∩..'≈'##.w.<.'#
##....∩.∩.#≈#..###.##...#
#▓▓▓▓▓▓▓###≈##.###'###.##
##$hG######≈≈####...####
#[hh#H ##≈≈≈#.)#..#


You could see a great orb of eyes and 2 tyrant leeches.

Vanquished Creatures
  A merfolk siren (D)
  A vampire mosquito (D)
  4 necrophages (D)
  A crocodile (D)
  4 worker ants (D)
11 creatures vanquished.

Vanquished Creatures (others)
  Menkaure (D)
  A crocodile (D)
2 creatures vanquished.

Grand Total: 13 creatures vanquished

Notes
Turn   | Place    | Note
-------+----------+-------------------------------------------
     0 | D        | raphialitos the Minotaur Fighter began the quest for the
                  | Orb.
     0 | D        | Reached XP level 1. HP: 19/19 MP: 0/0
     1 | D        | Noticed a necrophage
     1 | D        | Noticed a necrophage
     1 | D        | Noticed a necrophage
     1 | D        | Noticed a necrophage
     6 | D        | Killed a necrophage
     6 | D        | Reached XP level 2. HP: 25/30 MP: 1/1
     6 | D        | Reached XP level 3. HP: 31/37 MP: 2/2
     6 | D        | Reached XP level 4. HP: 37/44 MP: 3/3
    10 | D        | Killed a necrophage
    10 | D        | Reached XP level 5. HP: 45/52 MP: 4/4
    15 | D        | Killed a necrophage
    15 | D        | Reached skill level 5 in Long Blades
    16 | D        | Killed Menkaure
    18 | D        | Killed a necrophage
    18 | D        | Reached XP level 6. HP: 40/60 MP: 5/5
   131 | D        | Reached skill level 10 in Armour
   395 | D        | Found Tobros's Jewellery Shoppe.
   395 | D        | Found Timutunk's Food Shoppe.
   395 | D        | Found Puhapt's Magic Scroll Shoppe.
   395 | D        | Found Noomemm's Antique Weapon Emporium.
   395 | D        | Found Susobij's Magic Scroll Shoppe.
   395 | D        | Found Uxtifeil's Armour Emporium.
   396 | D        | Found Vintobbi's Antique Armour Emporium.
   396 | D        | Found Mara's Book Shoppe.
   396 | D        | Found Agukhlir's Gadget Emporium.
   396 | D        | Found Fivig's Jewellery Shoppe.
   396 | D        | Found Linu's Distillery.
   397 | D        | Found Boebuhu's Antique Weapon Shoppe.
   397 | D        | Found Ulaeqib's Distillery.
   398 | D        | Found Extod's Antique Armour Shoppe.
   398 | D        | Found Vypian's Assorted Antiques.
   398 | D        | Noticed a great orb of eyes
   399 | D        | Noticed an oklob plant
   400 | D        | Found Qoulop's Book Shoppe.
   414 | D        | Reached skill level 10 in Shields
   424 | D        | Noticed a hippogriff
   424 | D        | Noticed a hippogriff
   426 | D        | Noticed a hippogriff
   448 | D        | Noticed a vampire mosquito
   459 | D        | Killed a vampire mosquito
   459 | D        | Reached skill level 10 in Fighting
   459 | D        | Reached skill level 1 in Dodging
   459 | D        | Reached XP level 7. HP: 42/70 MP: 6/6
   594 | D        | Noticed an orange crystal statue
   613 | D        | Noticed a merfolk siren
   621 | D        | Killed a merfolk siren
   629 | D        | Noticed a tyrant leech
   629 | D        | Noticed a tyrant leech
   642 | D        | HP: 1/74 [tyrant leech (8)]
  1006 | D        | Mangled by a tyrant leech

Illustrated notes

Levels and vault maps discovered:
D:        the_violet_keep_of_menkaure [sprint2_stairs_cluster_1,
          sprint2_shoproom, sprint2_temple, sprint2_basic_supplies,
          sprint2_obstacle_4, sprint2_obstacle_5, sprint2_obstacle_3,
          sprint2_obstacle_2, sprint2_obstacle_7, sprint2_timed_cluster_1,
          sprint2_smallroom_cluster_1, sprint2_smallroom_final_cluster_1,
          sprint2_transparent_cluster_1, sprint2_second_timed_cluster_1,
          sprint2_sniper_area_1, sprint2_heavy_combat_area_1,
          sprint2_mutation_trap_area_1, sprint2_forest_area_1,
          sprint2_light_combat_area_1, sprint2_behind_water_1,
          sprint2_near_end_vault_1]

Skill      XL: |  1  2  3  4  5  6  7 |
---------------+----------------------+-----
Fighting       | 6 7 9 10 11 | 11.0
Long Blades    | 4 6 8 9 |  9.4
Armour         | 6 8 9 10 11 | 11.2
Shields        | 6 7 9 10 11 | 11.3
Dodging        | 1 2 |  2.2

Action                   |  1- 3 |  4- 6 |  7- 9 || total
-------------------------+-------+-------+-------++-------
Melee: Long sword        |     3 |    53 |    20 ||    76
       Headbutt          |     1 |    12 |     5 ||    18
  Use: Potion            |       |       |     2 ||     2
Armor: Scale mail        |     1 |    17 |     2 ||    20
Dodge: Dodged            |     1 |    10 |     2 ||    13
Block: Kite shield       |       |    28 |     7 ||    35
       Rpst.: Long sword |       |     5 |     2 ||     7
